 Dungeon Crawl Stone Soup version 0.28-a0-793-g31680bbd8b (webtiles) character file.

Game seed: 10304467674843831258

62 croobank the Magician (level 3, 0/19 HPs)
             Began as a Deep Elf Hedge Wizard on Nov 4, 2021.
             Slain by a ball python (1 damage)
             ... on level 2 of the Dungeon.
             The game lasted 00:11:24 (1468 turns).

croobank the Magician (Deep Elf Hedge Wizard)       Turns: 1468, Time: 00:11:25

Health: 0/19       AC:  3    Str:  8    XL:     3   Next: 85%
Magic:  1/12       EV:  9    Int: 18    God:
Gold:   42         SH:  0    Dex: 14    Spells: 7/13 levels left

rFire   . . .      SeeInvis .   a - +0 dagger (flame)
rCold   . . .      Faith    .   (no shield)
rNeg    . . .      Spirit   .   b - +0 robe
rPois   .          Reflect  .   c - +0 hat
rElec   .          Harm     .   (no cloak)
rCorr   .          Rampage  .   (no gloves)
Will    .....                   h - +0 pair of boots
Stlth   ++........              (no amulet)
HPRegen 0.06/turn               (no ring)
MPRegen 0.13/turn               (no ring)

@: constricted
A: no striking features
a: no special abilities


You were on level 2 of the Dungeon.
You visited 1 branch of the dungeon, and saw 2 of its levels.

You collected 42 gold pieces.

Inventory:

Hand Weapons
 a - a +0 dagger of flaming (weapon)
Missiles
 g - 23 stones
 i - 24 bolts
 j - 24 arrows
Armour
 b - a +0 robe (worn)
 c - a +0 hat (worn)
 h - a +0 pair of boots (worn)
Jewellery
 k - an amulet of faith
Scrolls
 e - a scroll of identify {unknown}
 f - a scroll of brand weapon


   Skills:
 + Level 0.1 Fighting
 + Level 0.3 Short Blades
 + Level 2.5 Dodging
 + Level 2.7 Stealth
 + Level 5.8 Spellcasting
 + Level 1.9 Conjurations
 + Level 1.5 Summonings
 + Level 1.1 Translocations


You had 7 spell levels left.
You knew the following spells:

 Your Spells              Type           Power      Damage    Failure   Level
a - Magic Dart            Conj           48%        1d5       5%          1
b - Slow                  Hex            20%        N/A       12%         1
c - Call Imp              Summ           10%        N/A       10%         2
d - Blink                 Tloc           18%        N/A       12%         2

Your spell library contained the following spells:

 Spells                   Type           Power      Damage    Failure   Level
 Conjure Flame            Conj/Fire      8%         6-21      24%         3
 Mephitic Cloud           Conj/Pois/Air  7%         N/A       28%         3


Dungeon Overview and Level Annotations

Branches:
Dungeon (2/15)

Altars:


Message History

* * * LOW HITPOINT WARNING * * *
The worm bites you but does no damage.
Your crimson imp blinks!
You barely miss the adder.
The adder is severely wounded.
The adder bites you but does no damage.
The frilled lizard bites you but does no damage.
The ball python bites you but does no damage.
The ball python constricts you. The worm bites you but does no damage.
The dart slug bites you but does no damage.
What are your orders? t - Creak!
Orders for allies: a - Attack new target. p - Attack previous target. r - Retreat! s - Stop attacking. g - Guard the area. f - Follow me.
Anything else - Cancel.
Gang up on whom?
Press: ? - help, Dir - move target, f - worm, p - adder
Aim: a worm Attack!
The adder bites you but does no damage.
The frilled lizard bites you but does no damage.
The ball python bites you but does no damage.
The ball python constricts you. The worm bites you but does no damage.
The dart slug bites you but does no damage.
The worm bites you but does no damage. The adder bites you but does no damage.
You closely miss the adder.
The adder is severely wounded.
The ball python bites you but does no damage.
The ball python constricts you.
* * * LOW HITPOINT WARNING * * *
The frilled lizard bites you but does no damage.
The adder bites you but does no damage. The worm bites you.
* * * LOW HITPOINT WARNING * * *
You barely miss the adder.
The adder is severely wounded.
You feel less wooden.
Your +0 hat unmelds from your body.
Your +0 pair of boots unmelds from your body.
Your +0 robe unmelds from your body.
The ball python bites you.
You die...

...# ..# ###..#
#.w.# ###...# ..
# ##...# ...
##.###...###....
.....÷.w#S......
......)÷@Sg.....
...g...wlw......
........##..##..
........< ..# .
#.##5....#.##
..#....###..
...... ....###
..##


You could see 2 worms, an adder, a dart slug, 2 goblins, a ball python, a
frilled lizard and a friendly crimson imp (summoned).

Vanquished Creatures
  2 dart slugs (D:1)
  2 bats (D:1)
  3 endoplasms
  6 hobgoblins
  7 kobolds
  A quokka (D:1)
  A ball python (D:2)
  A frilled lizard (D:1)
  A goblin (D:1)
24 creatures vanquished.

Vanquished Creatures (others)
  A howler monkey (D:2)
1 creature vanquished.

Grand Total: 25 creatures vanquished

Notes
Turn   | Place    | Note
-------+----------+-------------------------------------------
     0 | D:1      | croobank the Deep Elf Hedge Wizard began the quest for the
                  | Orb.
     0 | D:1      | Reached XP level 1. HP: 10/10 MP: 7/7
     2 | D:1      | Learned a level 1 spell: Slow
   237 | D:1      | Reached XP level 2. HP: 15/15 MP: 2/9
   892 | D:1      | Reached skill level 5 in Spellcasting
   913 | D:1      | Learned a level 2 spell: Call Imp
   916 | D:1      | Learned a level 2 spell: Blink
  1222 | D:2      | Noticed a howler monkey
  1246 | D:2      | Killed a howler monkey
  1247 | D:2      | Reached XP level 3. HP: 10/19 MP: 0/12
  1467 | D:2      | HP: 1/28 [worm (3)]
  1468 | D:2      | Slain by a ball python

Illustrated notes

Levels and vault maps discovered:
D:1:      sevenhm_arrival_forest_fort_large_4, layout_basic, hex_medium
D:2:      layout_rooms, basic_altar

Skill      XL: |  1  2 |
---------------+-------+-----
Spellcasting   | 5 |  5.8
Fighting       | |  0.1
Short Blades   | |  0.3
Dodging        | |  2.5
Stealth        | |  2.7
Conjurations   | |  1.9
Summonings     | |  1.5
Translocations | |  1.1

Action                   || total
-------------------------++-------
Melee: Dagger            ||    45
 Cast: Magic Dart        ||    62
       Slow              ||     1
       Call Imp          ||     1
  Use: Scroll            ||     4
       Potion            ||     1
 Stab: Sleeping          ||     1
Armor: Robe              ||     5
       Skin              ||   105
Dodge: Dodged            ||    37

Table legend: (Time is in decaauts)
 A = Elapsed time spent in this place.
 B = Non-inter-level travel time spent in this place.
 C = Inter-level travel time spent in this place.
 D = Time resting spent in this place.
 E = Time spent auto-exploring this place.
 F = Levels seen in this place.
 G = Mean time per level.
                   A        B        C        D        E       F      G
               +--------+--------+--------+--------+--------+-----+--------+
         Total |   1468 |   1413 |     55 |    253 |    874 |   2 |  734.0 |
       Dungeon |   1468 |   1413 |     55 |    253 |    874 |   2 |  734.0 |
               +--------+--------+--------+--------+--------+-----+--------+

Top non-repeatable levels by time:
     D:1: 1366 daAuts
     D:2: 102 daAuts
